 Dungeon Crawl Stone Soup version 0.19-a0-262-g5df7875 (webtiles) character file.

39 esc the Firebug (level 3, -1/30 HPs)
             Began as a Deep Elf Fire Elementalist on May 25, 2016.
             Slain by a gnoll
             ... wielding a +0 spear
              (2 damage)
             ... on level 2 of the Dungeon.
             The game lasted 00:03:20 (883 turns).

esc the Firebug (Deep Elf Fire Elementalist)         Turns: 883, Time: 00:03:21

Health: -1/30      AC:  2    Str: 10    XL:     3   Next: 28%
Magic:  4/10       EV: 13    Int: 20    God:
Gold:   31         SH:  0    Dex: 15    Spells: 1 memorised, 8 levels left

rFire  . . .     SeeInvis .     f - +0 short sword
rCold  . . .     Gourm    .     a - +0 robe
rNeg   . . .     Faith    .     (no shield)
rPois  +         Spirit   .     (no helmet)
rElec  .         Dismiss  .     (no cloak)
rCorr  .         Reflect  .     (no gloves)
SustAt .         Harm     .     (no boots)
MR     .....                    (no amulet)
Stlth  ..........               (no ring)
                                d - ring of poison resistance {rPois, !d}

@: berserking, very quick, not resistant to hostile enchantments, extremely
unstealthy
A: no striking features
a: no special abilities


You were on level 2 of the Dungeon.
You were not hungry.

You visited 1 branch of the dungeon, and saw 2 of its levels.

You collected 31 gold pieces.

Inventory:

Hand Weapons
 f - a +0 short sword (weapon)
   (You found it on level 1 of the Dungeon)
 h - a +0 club
   (You took it off a hobgoblin on level 1 of the Dungeon)
 i - a +0 whip
   (You found it on level 2 of the Dungeon)
Missiles
 e - 54 stones (quivered)
Armour
 a - a +0 robe (worn)
Jewellery
 d - a ring of poison resistance (left hand) {rPois, !d}
   (You found it on level 2 of the Dungeon)
Books
 b - a book of Flames
Comestibles
 c - 2 bread rations {@e1}
 g - 2 chunks of flesh {@w0}


   Skills:
 + Level 0.5 Fighting
 + Level 2.9 Dodging
 - Level 2.4 Stealth
 + Level 3.5 Spellcasting
 + Level 1.8 Conjurations
 + Level 3.7 Fire Magic


You had 8 spell levels left.
You knew the following spells:

 Your Spells              Type           Power        Failure   Level  Hunger
a - Flame Tongue          Conj/Fire      ##...        4%          1    None


Dungeon Overview and Level Annotations

Branches:
Dungeon (2/15)

Altars:


Message History

You kill the bat!
The kobold shouts!
A rat comes into view.
You now have 7/8 mp.
You can't see any susceptible monsters within range! (Use Z to cast anyway.)
Aim: a kobold, wielding a whip The flame tongue hits the kobold.
You now have 6/8 mp.
Aim: a kobold, wielding a whip (heavily wounded)
The flame tongue hits the kobold.
You kill the kobold!
You now have 5/8 mp.
Aim: a rat The flame tongue hits the rat.
You kill the rat!
You now have 4/8 mp.
Things that are here:
a whip; a kobold corpse You see here a rat corpse.
You butcher the rat corpse.
g - a chunk of flesh {@w0} You now have 31 gold pieces (gained 12).
k - a scroll labeled PIRPHOFERI Read which item? (? for menu, Esc to quit)
As you read the scroll labeled PIRPHOFERI, it crumbles to dust.
It is a scroll of identify.
Identify which item? (\ to view known items) (? for menu, Esc to quit)
j - a potion of berserk rage A gnoll comes into view.
It is wielding a spear.
MP restored: 8 A giant newt and a gnoll come into view.
The giant newt moves out of view.
Aim: a gnoll, wielding a whip (resting)
The flame tongue hits the gnoll.
The gnoll shouts!
You hear a shout!
A gnoll comes into view.
You now have 7/8 mp.
MP restored: 8
There is an escape hatch in the floor here.
There is a stone staircase leading up here.
You can't see any susceptible monsters within range! (Use Z to cast anyway.)
Aim: a gnoll The flame tongue hits the gnoll.
You now have 7/8 mp.
The gnoll barely misses you.
You climb upwards.
There is a stone staircase leading down here.
Aim: a gnoll (moderately wounded)
The flame tongue hits the gnoll.
You kill the gnoll!
You have reached level 3!
Your experience leads to an increase in your attributes!
Increase (S)trength, (I)ntelligence, or (D)exterity?
You feel clever.
Health restored: 20 You now have 6/9 mp.
You see here a gnoll corpse.
You butcher the gnoll corpse.
g - 2 chunks of flesh {@w0} (gained 1)
You start resting.
MP restored: 9
There is a stone staircase leading down here.
You climb downwards.
The gnoll misses you. The gnoll barely misses you.
There is a stone staircase leading up here.
Aim: a gnoll, wielding a whip The flame tongue hits the gnoll.
The gnoll closely misses you.
You now have 8/9 mp.
Aim: a gnoll, wielding a whip (severely wounded)
The flame tongue hits the gnoll.
The gnoll hits you with a whip!
A gnoll comes into view. It is wielding a spear.
The gnoll shouts!
You take 8 damage, and have 12/20 hp.
MASSIVE DAMAGE!!
You now have 7/9 mp.
Aim: a gnoll, wielding a whip (almost dead)
The flame tongue hits the gnoll.
You kill the gnoll!
You hear a shout!
The gnoll barely misses you.
You now have 6/10 mp.
Aim: a gnoll, wielding a spear The flame tongue hits the gnoll.
The gnoll hits you with a spear.
You take 1 damage, and have 11/20 hp.
You now have 5/10 mp.
Aim: a gnoll, wielding a spear (severely wounded)
The flame tongue hits the gnoll.
The gnoll hits you with a spear!
Ouch! That really hurt!
* * * LOW HITPOINT WARNING * * *
You take 10 damage, and have 1/20 hp.
MASSIVE DAMAGE!!
You now have 4/10 mp.
Drink which item? (? for menu, Esc to quit)
Okay, then.
Drink which item? (? for menu, Esc to quit)
Really quaff
j - a potion of berserk rage {!q}?
A red film seems to cover your vision as you go berserk!
You feel yourself moving faster!
You feel mighty! The gnoll closely misses you. x2
You now have 1/30 hp.
You feel a strong urge to attack something.
The gnoll hits you from afar with a spear.
You die...

#..####### #.##.##.#.# #..#
#.##.##.#.# #..# #.##.##.#.#
#..# #....##.#.# #..####
#..###....# ######g....#
#..###...[## ...g..#.##.#
#..........#
#####.#.##.#########..........#
#.....##......@<)...........#
###.#.#.##.#######g....<.....##
..................g.........##
..#.#.#.##.#######.........##
#.#.....#### ##.......##
#.......# ##.....## #####.###
##...## #.# #..## #.# #..#


You could see a gnoll.

Vanquished Creatures
  2 gnolls
  An ooze (D:2)
  A dart slug (D:2)
  A hobgoblin (D:1)
  3 jackals (D:1)
  A kobold (D:2)
  3 bats
  2 giant newts (D:2)
  2 rats
16 creatures vanquished.

Notes
Turn   | Place    | Note
--------------------------------------------------------------
     0 | D:1      | esc the Deep Elf Fire Elementalist began the quest for the Orb.
     0 | D:1      | Reached XP level 1. HP: 10/10 MP: 6/6
   251 | D:1      | HP: 2/10 [jackal (3)]
   272 | D:1      | HP: 1/10 [jackal (2)]
   343 | D:2      | Reached XP level 2. HP: 4/15 MP: 6/8
   850 | D:1      | Reached XP level 3. HP: 20/20 MP: 6/9
   881 | D:2      | HP: 1/20 [gnoll/spear (10)]
   883 | D:2      | Slain by a gnoll

Vault maps used:
D:1:      dpeg_arrival_circle_labyrinth_a
D:2:      first_bread

Action                   || total
-------------------------++-------
 Cast: Flame Tongue      ||    30
  Use: Scroll            ||     6
       Potion            ||     1
Armor: Robe              ||     2
Dodge: Dodged            ||    18

Vault maps used:
D:1:      dpeg_arrival_circle_labyrinth_a
D:2:      first_bread

Table legend:
 A = Turns spent in this place as a percentage of turns spent in the entire game.
 B = Non-inter-level travel turns spent in this place as a percentage of non-inter-level travel turns spent in the entire game.
 C = Inter-level travel turns spent in this place as a percentage of turns spent in this place.
 D = Turns resting spent in this place as a percentage of non-inter-level travel turns spent in this place.
 E = Turns spent auto-exploring this place as a percentage of non-inter-level travel turns spent in this place.
 F = Non-inter-level travel turns spent in this place divided by the number of levels of this place that you've seen.
                   A       B       C       D       E      F
               +-------+-------+-------+-------+-------+----------------------
         Total | 100.0 | 100.0 |   0.0 |   3.4 |   6.3 | 118.5
       Dungeon | 100.0 | 100.0 |   0.0 |   3.4 |   6.3 | 118.5
               +-------+-------+-------+-------+-------+----------------------

Table legend:
 A = Kills in this place as a percentage of kills in entire the game.
 B = Kills by you in this place as a percentage of kills by you in the entire game.
 C = Kills by friends in this place as a percentage of kills by friends in the entire game.
 D = Other kills in this place as a percentage of other kills in the entire game.
 E = Experience gained in this place as a percentage of experience gained in the entire game.
 F = Experience gained in this place divided by the number of levels of this place that you have seen.
                   A       B       C       D       E      F
               +-------+-------+-------+-------+-------+----------------------
         Total | 100.0 | 100.0 |  -nan |  -nan | 100.0 |  28.5
       Dungeon | 100.0 | 100.0 |  -nan |  -nan | 100.0 |  28.5
               +-------+-------+-------+-------+-------+----------------------
